 Dungeon Crawl Stone Soup version 0.30-a0-840-ga523dec638 (webtiles) character file.

Game seed: 12786750907275126296

2254 NinjaNoafa the Grappler (level 9, 0/93 HPs)
             Began as a Troll Monk on Mar 1, 2023.
             Was a Follower of Okawaru.
             Slain by a killer bee (4 damage)
             ... in the Ecumenical Temple on Mar 2, 2023.
             The game lasted 00:20:46 (4969 turns).

NinjaNoafa the Grappler (Troll Monk)                Turns: 4969, Time: 00:20:46

Health: 0/93       AC:  5    Str: 21    XL:     9   Next: 15%
Magic:  6/8        EV: 12    Int: 10    God:    Okawaru [*.....]
Gold:   332        SH:  0    Dex: 12    Spells: 8/8 levels left

rFire   . . .      SeeInvis .    a - +6 shillelagh "Devastator" {shatter}
rCold   . . .      Faith    +    (no shield)
rNeg    . . .      Spirit   .    F - +0 robe
rPois   .          Reflect  .    (helmet restricted)
rElec   .          Harm     .    f - +0 cloak
rCorr   .          Rampage  .    (gloves unavailable)
Will    .....                    (boots unavailable)
Stlth   +++                      z - amulet of faith
HPRegen 1.15/turn                (no ring)
MPRegen 0.11/turn                (no ring)

@: heroic
A: large, unfitting armour, claws 3, regeneration 1, shaggy fur 1, tough skin 1
a: Renounce Religion, Heroism


You were in the Ecumenical Temple.
You worshipped Okawaru.
Okawaru was aware of your devotion.
You visited 2 branches of the dungeon, and saw 8 of its levels.
You also visited: Sewer.

You collected 371 gold pieces.
You spent 39 gold pieces at shops.

Inventory:

Hand Weapons
 a - the +6 shillelagh "Devastator" (weapon) {shatter}
   (You found it on level 6 of the Dungeon)
Missiles
 o - 44 poisoned darts
 x - a curare-tipped dart
 A - 3 boomerangs of dispersal
 B - 9 large rocks (quivered)
 C - a throwing net
Armour
 f - a +0 cloak (worn)
 F - a +0 robe (worn)
Jewellery
 z - an amulet of faith (around neck)
Wands
 D - a wand of paralysis (8)
 E - a wand of flame (14)
Scrolls
 d - 5 scrolls of teleportation
 g - a scroll of magic mapping {unknown}
 i - a scroll of vulnerability {unknown}
 n - 3 scrolls of identify {unknown}
 y - a scroll of immolation {unknown}
 G - a scroll of enchant weapon {unknown}
Potions
 b - 2 potions of ambrosia
 c - a potion of curing
 e - a potion of lignification {unknown}
 h - 3 potions of heal wounds {unknown}
 j - 3 potions of brilliance {unknown}
 k - a potion of haste
 l - 6 potions of degeneration {unknown}
 m - a potion of mutation {unknown}
 q - 4 potions of resistance {unknown}
 r - 2 potions of invisibility {unknown}
 s - a potion of attraction {unknown}
 t - 2 potions of experience {unknown}
 u - a potion of magic {unknown}
 v - 2 potions of might {unknown}
 w - a potion of cancellation {unknown}


   Skills:
 - Level 7.3(12.3) Fighting
 + Level 1.3(6.3) Maces & Flails
 + Level 2.8(7.8) Throwing
 - Level 2.4(7.4) Dodging
 - Level 1.0(6.0) Stealth
 - Level 8.7(13.7) Unarmed Combat
 + Level 0.0 Invocations


You had 8 spell levels left.
You didn't know any spells.
Your spell library contained the following spells:

 Spells                   Type           Power      Damage    Failure   Level
 Static Discharge         Conj/Air       0%         2-2/arc   50%         2
 Frozen Ramparts          Ice            0%         1d1       75%         3
 Stone Arrow              Conj/Erth      0%         3d7       75%         3
 Vhi's Electric Charge    Tloc/Air       0%         N/A       75%         3
 Ice Form                 Ice/Tmut       0%         N/A       98%         4
 Arcjolt                  Conj/Air       0%         1d10      100%        5
 Lightning Bolt           Conj/Air       0%         1d11      100%        5
 Lehudib's Crystal Spear  Conj/Erth      0%         10d2      100%        8
 Animate Armour           Summ/Erth      Unusable   N/A       N/A         4
 Summon Ice Beast         Ice/Summ       Unusable   N/A       N/A         4

Dungeon Overview and Level Annotations

Branches:
Dungeon (7/15)             Temple (1/1) D:7           Sewer (visited)

Altars:
Ashenzari
Cheibriados
Elyvilon
Fedhas
Gozag
Kikubaaqudgha
Makhleb
Nemelex Xobeh
Okawaru
Qazlal
Ru
Sif Muna
Trog
Uskayaw
Vehumet
Wu Jian
Xom
Yredelemnul
Zin
The Shining One

Shops:
D:2 !

Annotations:
D:4 3 runed translucent doors, Zvl3's ghost, amateur MfHu


Innate Abilities, Weirdness & Mutations

You are too large for most types of armour.
You have claws for hands.
Your natural rate of healing is unusually fast.
You are covered in fur. (AC +1)
You have tough skin. (AC +1)


Message History

The killer bee barely misses you. The killer bee stings you.
* * * LOW HITPOINT WARNING * * *
You are poisoned.
The killer bee poisons you!
You feel better. The killer bee stings you.
* * * LOW HITPOINT WARNING * * *
You are poisoned.
The killer bee poisons you! The killer bee stings you.
* * * LOW HITPOINT WARNING * * *
The killer bee barely misses you. The killer bee closely misses you.
You gain the combat prowess of a mighty hero.
You feel sick. The killer bee stings you!
* * * LOW HITPOINT WARNING * * *
You are more poisoned.
The killer bee poisons you! The killer bee barely misses you.
The killer bee misses you. The killer bee barely misses you.
Okay, then.
You miss the killer bee.
The killer bee is almost dead.
* * * LOW HITPOINT WARNING * * *
You feel very sick. The killer bee misses you. The killer bee stings you.
* * * LOW HITPOINT WARNING * * *
The killer bee barely misses you. The killer bee closely misses you.
You feel better. The killer bee stings you!
* * * LOW HITPOINT WARNING * * *
You are poisoned.
The killer bee poisons you! The killer bee stings you.
* * * LOW HITPOINT WARNING * * *
The killer bee stings you.
* * * LOW HITPOINT WARNING * * *
The killer bee stings you.
* * * LOW HITPOINT WARNING * * *
Okay, then.
Okay, then.
You feel better. The killer bee stings you.
* * * LOW HITPOINT WARNING * * *
The killer bee misses you. The killer bee barely misses you.
The killer bee stings you.
You die...

#≈≈......._._._.......≈≈#
#≈≈≈.................≈≈≈#
#≈≈≈≈≈.............≈≈≈≈≈#
#≈≈≈≈≈≈≈≈.......≈≈≈≈≈≈≈≈#
#≈≈≈≈≈≈≈≈≈.....≈≈≈≈≈≈≈≈≈#
#≈≈≈≈≈≈≈≈≈.....≈≈≈≈≈≈≈≈≈#
#≈≈≈≈≈≈≈≈≈.....≈≈≈≈≈≈≈≈≈#
#≈≈≈≈≈≈≈≈≈..y..≈≈≈≈≈≈≈≈≈#
#≈≈≈≈≈≈≈≈≈..y@.≈≈≈≈≈≈≈≈≈#
#≈≈≈≈≈≈≈≈≈.....≈≈≈≈≈≈≈≈≈#
#≈≈≈≈≈≈≈≈≈.....≈≈≈≈≈≈≈≈≈#
#≈≈≈≈≈≈≈≈.......≈≈≈≈≈≈≈≈#
#≈≈≈≈≈.............≈≈≈≈≈#
#≈≈≈.................≈≈≈#
#≈≈......._._._.......≈≈#
#≈...._.⌠.......⌠._....≈#
#..._..............._...#


You could see 2 killer bees.

Vanquished Creatures
  A steam dragon (D:6)
  2 water moccasins
  A black bear (D:5)
  An ice beast (D:5)
  4 ogres
  2 centaurs
  A phantom (D:6)
  4 kobold brigands (Sewer)
  A gnoll sergeant (D:7)
  A scorpion (D:6)
  A killer bee (Temple)
  2 jellies
  An orc priest (D:4)
  3 hounds
  2 iguanas
  Ijyb (D:5)
  3 orc wizards
  Robin (D:3)
  8 gnolls
  11 adders
  2 river rats (D:4)
  2 shadow imps
  A white imp (D:6)
  2 ufetubi
  6 worms
  A dart slug (D:1)
  10 orcs
  10 endoplasms
  3 giant cockroaches
  11 goblins
  10 hobgoblins
  7 jackals
  2 quokkas
  5 ball pythons
  13 bats
  3 frilled lizards (D:1)
  27 kobolds
  11 rats
177 creatures vanquished.

Notes
Turn   | Place    | Note
-------+----------+-------------------------------------------
     0 | D:1      | NinjaNoafa the Troll Monk began the quest for the Orb.
     0 | D:1      | Reached XP level 1. HP: 22/22 MP: 0/0
   176 | D:1      | Reached XP level 2. HP: 29/29 MP: 1/1
   290 | D:1      | Reached XP level 3. HP: 37/37 MP: 2/2
   671 | D:2      | Found Axezakuk's Distillery.
   691 | D:2      | Bought a potion of curing for 39 gold pieces
   814 | D:2      | Reached skill level 4 in Unarmed Combat
   899 | D:2      | Reached XP level 4. HP: 45/45 MP: 3/3
  1169 | D:3      | Noticed Robin
  1203 | D:3      | Killed Robin
  1265 | D:3      | Found a faded altar of an unknown god.
  1793 | D:4      | Found an opulent altar of Gozag.
  1878 | D:4      | Noticed a centaur
  1882 | D:4      | Killed a centaur
  1883 | D:4      | Reached XP level 5. HP: 50/54 MP: 4/4
  1920 | D:4      | Reached skill level 5 in Unarmed Combat
  2060 | D:4      | Found a glowing drain.
  2067 | Sewer    | Entered a sewer
  2112 | Sewer    | Reached XP level 6. HP: 62/62 MP: 5/5
  2341 | Sewer    | Reached skill level 5 in Fighting
  2341 | Sewer    | Reached skill level 6 in Unarmed Combat
  2341 | Sewer    | Reached XP level 7. HP: 35/72 MP: 6/6
  2637 | D:4      | Found a runed translucent gate.
  2638 | D:4      | Noticed Zvl3's ghost (amateur MfHu)
  2640 | D:4      | Found a runed translucent gate.
  2641 | D:4      | Found a runed translucent gate.
  2780 | D:4      | Found a broken altar of Ashenzari.
  2968 | D:5      | Entered Level 5 of the Dungeon
  3252 | D:5      | Reached skill level 7 in Unarmed Combat
  3285 | D:5      | Noticed Ijyb
  3302 | D:5      | Killed Ijyb
  3303 | D:5      | Reached XP level 8. HP: 78/83 MP: 7/7
  3333 | D:5      | Found a sacrificial altar of Ru.
  3697 | D:5      | Reached skill level 8 in Unarmed Combat
  3697 | D:5      | Identified the +4 ring mail of Ydaurypa {rC+ rN++}
  4283 | D:6      | Found the +6 shillelagh "Devastator" {shatter}
  4292 | D:6      | Reached skill level 1 in Throwing
  4298 | D:6      | Reached XP level 9. HP: 90/93 MP: 8/8
  4694 | D:6      | Found a sparkling altar of Nemelex Xobeh.
  4694 | D:6      | Found a bloodstained altar of Trog.
  4695 | D:6      | Found a stormy altar of Qazlal.
  4757 | D:7      | Reached skill level 1 in Maces & Flails
  4788 | D:7      | Found a staircase to the Ecumenical Temple.
  4797 | Temple   | Entered the Ecumenical Temple
  4835 | Temple   | Became a worshipper of Warmaster Okawaru
  4835 | Temple   | Reached * piety under Okawaru
  4835 | Temple   | Reached ** piety under Okawaru
  4968 | Temple   | HP: 4/93 [killer bee (6)]
  4969 | Temple   | Slain by a killer bee

Illustrated notes

Levels and vault maps discovered:
D:1:      minmay_arrival_open_corners, layout_rooms
D:2:      minmay_chambers_of_twos, layout_basic, serial_shops,
          nicolae_diamond_shop
D:3:      layout_rooms, shapermc_ecumenical_altar_starsandcircs, minivault_14,
          minmay_misc_feat_nine_boxes, kennysheep_pointless_box, minivault_19,
          uniq_robin
D:4:      layout_gridville, nicolae_gozag_seed_capital,
          mainiacjoe_overflow_alcove_1, gammafunk_ghost_nasty_kobolds,
          lightli_sewer_entry_pipes
D:5:      layout_basic, nicolae_ru_awakened_eye, nicolae_goblin_pals, uniq_ijyb
D:6:      layout_basic, gammafunk_temple_overflow_claw, serial_glass,
          glass_columns_a, glass_columns_a, glass_columns_a, glass_columns_c,
          glass_columns_c, glass_columns_c, glass_columns_a, glass_columns_a,
          glass_columns_a, glass_columns_a, glass_columns_a, glass_columns_c,
          glass_columns_a, glass_columns_b, dilly_guarded_unrand_devastator
D:7:      layout_gridville, riverfiend_overflow_shadow_ancestor,
          minmay_temple_entry_crystal_x, uniq_menkaure
Temple:   nicolae_temple_two_arcs

Skill      XL: |  1  2  3  4  5  6  7  8  9 |
---------------+----------------------------+-----
Fighting       | 3 4 5 6 7 |  7.3
Unarmed Combat | 4 5 6 7 8 |  8.7
Throwing       | 1 2 |  2.8
Maces & Flails | 1 |  1.3
Dodging        | |  2.4
Stealth        | |  1.0

Action                     |  1- 3 |  4- 6 |  7- 9 || total
---------------------------+-------+-------+-------++-------
  Melee: Unarmed           |   114 |   192 |   186 ||   492
         Punch             |     2 |     7 |     7 ||    16
         Shillelagh        |       |       |    28 ||    28
  Throw: Large rock        |       |       |     2 ||     2
 Invoke: Heroism           |       |       |     1 ||     1
    Use: Scroll            |       |       |     1 ||     1
         Potion            |       |       |     4 ||     4
   Stab: Sleeping          |     1 |     2 |     4 ||     7
 Armour: Robe              |    66 |    70 |    59 ||   195
  Dodge: Dodged            |    65 |    97 |   125 ||   287
  Block: Other             |       |    37 |    60 ||    97
         Reflection        |       |     4 |       ||     4

Table legend: (Time is in decaauts)
 A = Elapsed time spent in this place.
 B = Non-inter-level travel time spent in this place.
 C = Inter-level travel time spent in this place.
 D = Time resting spent in this place.
 E = Time spent auto-exploring this place.
 F = Levels seen in this place.
 G = Mean time per level.
                   A        B        C        D        E       F      G
               +--------+--------+--------+--------+--------+-----+--------+
         Total |   4926 |   4704 |    222 |      0 |   2818 |   9 |  547.3 |
       Dungeon |   4481 |   4266 |    215 |      0 |   2677 |   7 |  640.1 |
        Temple |    165 |    158 |      7 |      0 |     95 |   1 |  165.0 |
         Sewer |    279 |    279 |      0 |      0 |     46 |   1 |  279.0 |
               +--------+--------+--------+--------+--------+-----+--------+

Top non-repeatable levels by time:
     D:4: 925 daAuts
     D:5: 908 daAuts
     D:6: 822 daAuts
     D:2: 702 daAuts
     D:3: 588 daAuts
     D:1: 443 daAuts
   Sewer: 279 daAuts
  Temple: 165 daAuts
     D:7: 91 daAuts
